 Dungeon Crawl Stone Soup version 0.29-a0-892-g2c4c91d9db (webtiles) character file.

Game seed: 6898606615235272750

56 zeratav the Stinger (level 3, -3/21 HPs)
             Began as an Octopode Venom Mage on July 22, 2022.
             Slain by a worm (6 damage)
             ... on level 2 of the Dungeon.
             The game lasted 00:01:16 (2472 turns).

zeratav the Stinger (Octopode Venom Mage)           Turns: 2472, Time: 00:01:17

Health: -3/21      AC:  1    Str:  7    XL:     3   Next: 95%
Magic:  3/6        EV: 13    Int: 19    God:
Gold:   145        SH:  0    Dex: 12    Spells: 3/6 levels left

rFire   . . .      SeeInvis .   b - +0 dagger {short}
rCold   . . .      Faith    .   (no shield)
rNeg    . . .      Spirit   .   (helmet restricted)
rPois   .          Reflect  .   (no amulet)
rElec   .          Harm     .   (no ring)
rCorr   .          Rampage  .   (no ring)
Will    .....                   (no ring)
Stlth   ++++......              (no ring)
HPRegen 0.07/turn               (no ring)
MPRegen 0.10/turn               (no ring)
                                (no ring)
                                (no ring)

@: no status effects
A: almost no armour, amphibious, 8 rings, camouflage 1, gelatinous body 1,
(nimble swimmer 1), tentacles
a: no special abilities


You were on level 2 of the Dungeon.
You visited 1 branch of the dungeon, and saw 2 of its levels.

You collected 145 gold pieces.


Innate Abilities, Weirdness & Mutations

You cannot wear most types of armour.
You are amphibious.
You can wear up to eight rings at the same time.
Your skin changes colour to match your surroundings (Stealth+).
Your rubbery body absorbs attacks. (AC +1, EV +1)
((You are camouflaged when in or above water. (Stealth+)))
You have tentacles for arms and can constrict up to eight enemies at once.


   Skills:
 - Level 2.0 Dodging
 + Level 4.5 Stealth
 - Level 2.0 Spellcasting
 - Level 1.0 Transmutations
 + Level 4.8 Poison Magic


You had 3 spell levels left.
You knew the following spells:

 Your Spells              Type           Power      Damage    Failure   Level
a - Sting                 Tmut/Pois      48%        1d5       5%          1
b - Poisonous Vapours     Pois/Air       22%        N/A       10%         2

Your spell library contained the following spells:

 Spells                   Type           Power      Damage    Failure   Level
 Mephitic Cloud           Conj/Pois/Air  7%         N/A       26%         3
 Olgreb's Toxic Radiance  Pois           20%        N/A       24%         4

Inventory:

Hand Weapons
 b - a +0 dagger (weapon) {short}
   (You took it off a kobold on level 1 of the Dungeon)
Wands
 i - a wand of iceblast (5)
   (You found it on level 2 of the Dungeon)
Scrolls
 d - 5 scrolls of identify {unknown}
 h - a scroll of summoning {unknown}
 j - 3 scrolls of fog {unknown}
Potions
 a - a potion of magic
 c - a potion of heal wounds {unknown}
 e - a potion of flight {unknown}
 f - a potion of ambrosia {unknown}
 g - 2 potions of mutation {unknown}

Dungeon Overview and Level Annotations

Branches:
Dungeon (2/15) Zot: 9527

Altars:

....#
#.................# #
#####
#...............### #
#...............# #
############.#########
#.# #...... #.#
#......
##############.#
#......
............##.#
#......
.......@....##.#
#......
........w...##.#
#......
............##.#
#######
............'..#
............#### #####
.............# #....
................#
#.##.
.............##.#
#.##. ..........<.# #
#.##.


You could see a worm (very poisoned).


Message History

The ball python misses you. The ball python barely misses you.
You barely miss the ball python. Your grab misses the ball python.
Your squeeze misses the ball python. The ball python barely misses you. x2
You hit the ball python. You grab the ball python.
You constrict the ball python.
The ball python bites you but does no damage.
The ball python misses you.
You hit the ball python.
You constrict the ball python, but do no damage.
The ball python closely misses you. The ball python barely misses you.
You hit the ball python but do no damage.
You squeeze the ball python, but do no damage.
You constrict the ball python.
You kill the ball python!
No target in view!
No target in view!
No target in view!
No target in view!
No target in view!
No target in view!
No target in view!
d - 5 scrolls labelled VACSA MULUUR (gained 1)
You now have 134 gold pieces (gained 10).
There is a stone staircase leading down here.
You now have 145 gold pieces (gained 11).
Found a stone staircase leading up.
There is an open door here.
You open the door.
An adder comes into view.
An adder is nearby!
An adder is nearby!
A worm comes into view.
There is an open door here.
Found a stone staircase leading up.
The adder hisses angrily.
The adder bites you. The adder barely misses you.
HP[-3]
You take 3 damage, and now have 18/21 hp.
You hit the adder but do no damage. You grab the adder.
Your squeeze misses the adder. You constrict the adder. The adder bites you.
HP[-1]
You take 1 damage, and now have 17/21 hp.
You hit the adder. You constrict the adder. The adder closely misses you.
You hit the adder. You constrict the adder. The adder closely misses you.
You barely miss the adder. You squeeze the adder.
You kill the adder!
You hit the worm but do no damage. You grab the worm. You constrict the worm.
The worm bites you.
HP[-4]
You take 4 damage, and now have 13/21 hp.
You hit the worm. You squeeze the worm.
You constrict the worm, but do no damage.
The worm barely misses you.
You hit the worm. You squeeze the worm. You constrict the worm.
You hit the worm. You constrict the worm. The worm bites you!
Ouch! That really hurt!
* * * LOW HITPOINT WARNING * * *
You are too injured to fight recklessly!
You are too injured to fight recklessly!
HP[-10]
You take 10 damage, and now have 3/21 hp.
MASSIVE DAMAGE!! (PAUSE)
You are too injured to fight recklessly!
You are too injured to fight recklessly!
You are too injured to fight recklessly!
You are too injured to fight recklessly!
You are too injured to fight recklessly!
You are too injured to fight recklessly!
You are too injured to fight recklessly!
You are too injured to fight recklessly!
You are too injured to fight recklessly!
Casting: Sting (safe; 5% risk of failure)
Confirm with . or Enter, or press ? or * to list all spells.
Aiming: Sting (safe; 5% risk of failure)
Press: ? - help, Shift-Dir - straight line, f - worm
Aim: a worm (heavily wounded, constricted by you, 100% to hit)
The sting hits the worm.
The worm is poisoned.
You constrict the worm.
MP[-1]
You lost 1 mp, and now have 5/6 mp.
You release your grip on the worm.
The worm looks more healthy.
Casting: Sting (safe; 5% risk of failure)
Confirm with . or Enter, or press ? or * to list all spells.
Aiming: Sting (safe; 5% risk of failure)
Press: ? - help, Shift-Dir - straight line, f/p - worm
Aim: a worm (heavily wounded, 90% to hit)
The sting hits the worm but does no damage.
The worm is poisoned.
MP[-1]
You lost 1 mp, and now have 4/6 mp.
Casting: Sting (safe; 5% risk of failure)
Confirm with . or Enter, or press ? or * to list all spells.
Aiming: Sting (safe; 5% risk of failure)
Press: ? - help, Shift-Dir - straight line, f/p - worm
Aim: a worm (heavily wounded, poisoned, 90% to hit)
The sting hits the worm.
The worm looks even sicker.
MP[-1]
You lost 1 mp, and now have 3/6 mp.
The worm bites you.
You die...

Skill      XL: |  1  2  3 |
---------------+----------+-----
Stealth        | 3 4 |  4.5
Poison Magic   | 4 |  4.8
Dodging        | |  2.0
Spellcasting   | |  2.0
Transmutations | |  1.0

Action                   || total
-------------------------++-------
Melee: Dagger            ||    88
       Constrict         ||    18
       Tentacles         ||    16
       Punch             ||     3
 Cast: Sting             ||     5
 Stab: Sleeping          ||     6
Armor: Skin              ||     9
Dodge: Dodged            ||    46

Levels and vault maps discovered:
D:1:      ncdulo_watergridlock, layout_basic, shapermc_ecumenical_altar_gd,
          corexii_corridor_pit, minivault_24, st_stairs_8,
          chequers_serial_rivers_micro_c
D:2:      layout_basic

Notes
Turn   | Place    | Note
-------+----------+-------------------------------------------
     0 | D:1      | zeratav the Octopode Venom Mage began the quest for the
                  | Orb.
     0 | D:1      | Reached XP level 1. HP: 11/11 MP: 3/3
     0 | D:1      | magus.rc [v1.9.6]
    67 | D:1      | Reached skill level 3 in Stealth
   350 | D:1      | Reached XP level 2. HP: 14/17 MP: 5/5
   445 | D:1      | Reached skill level 4 in Poison Magic
  1128 | D:1      | Found a faded altar of an unknown god.
  1492 | D:1      | Reached XP level 3. HP: 21/21 MP: 6/6
  1833 | D:2      | Reached skill level 4 in Stealth
  1885 | D:2      | Learned a level 2 spell: Poisonous Vapours
  2464 | D:2      | HP: 3/21 [worm (11)]
  2472 | D:2      | Slain by a worm

Vanquished Creatures
  2 adders (D:2)
  A dart slug (D:1)
  5 ball pythons
  3 bats
  3 endoplasms (D:1)
  2 hobgoblins
  7 kobolds
  2 quokkas (D:2)
  2 frilled lizards
  6 rats
33 creatures vanquished.

Vanquished Creatures (others)
  A demonic plant (D:1)
  A plant (D:1)
2 creatures vanquished.

Grand Total: 35 creatures vanquished

Table legend:
 A = Non-vault XP
 B = Vault XP
 C = Vault XP percentage of total XP
 D = Non-vault monster count
 E = Vault monster count
 F = Vault count percentage of total count
                 A         B        C        D         E       F
            +---------+---------+-------+---------+---------+-------
      Total |      76 |       4 |   5.0 |      31 |       2 |   6.1
            +---------+---------+-------+---------+---------+-------
        D:1 |      31 |       4 |  11.4 |      18 |       2 |  10.0
        D:2 |      45 |       0 |   0.0 |      13 |       0 |   0.0
            +---------+---------+-------+---------+---------+-------

Illustrated notes

Table legend:
 A = Kills in this place as a percentage of kills in entire the game.
 B = Kills by you in this place as a percentage of kills by you in the entire game.
 C = Kills by friends in this place as a percentage of kills by friends in the entire game.
 D = Other kills in this place as a percentage of other kills in the entire game.
 E = Experience gained in this place as a percentage of experience gained in the entire game.
 F = Experience gained in this place divided by the number of levels of this place that you have seen.
                   A       B       C       D       E      F
               +-------+-------+-------+-------+-------+----------------------
         Total | 100.0 | 100.0 |   N/A |   N/A | 100.0 |  40.0
       Dungeon | 100.0 | 100.0 |   N/A |   N/A | 100.0 |  40.0
               +-------+-------+-------+-------+-------+----------------------

Table legend: (Time is in decaauts)
 A = Elapsed time spent in this place.
 B = Non-inter-level travel time spent in this place.
 C = Inter-level travel time spent in this place.
 D = Time resting spent in this place.
 E = Time spent auto-exploring this place.
 F = Levels seen in this place.
 G = Mean time per level.
                   A        B        C        D        E       F      G
               +--------+--------+--------+--------+--------+-----+--------+
         Total |   2471 |   2372 |     99 |      0 |   2142 |   2 | 1235.5 |
       Dungeon |   2471 |   2372 |     99 |      0 |   2142 |   2 | 1235.5 |
               +--------+--------+--------+--------+--------+-----+--------+

Top non-repeatable levels by time:
     D:1: 1771 daAuts
     D:2: 699 daAuts
